 Dungeon Crawl Stone Soup version 0.17.1-1-g73c8601 (webtiles) character file.

30 penguinsfan71 the Grave Robber (level 3, 0/24 HPs)
             Began as a Vampire Necromancer on Dec 19, 2015.
             Slain by a goblin (4 damage)
             ... on level 2 of the Dungeon.
             The game lasted 00:09:35 (1298 turns).

penguinsfan71 the Grave Robber (VpNe)               Turns: 1298, Time: 00:09:35

Health: 0/24       AC:  0    Str:  2    XL:     3   Next: 3%
Magic:  6/6        EV: 21    Int: 17    God:
Gold:   40         SH:  0    Dex: 20    Spells: 1 memorised, 5 levels left

rFire  . . .     SeeInvis +     (weapon currently unavailable)
rCold  . . .     Clarity  .     (armour currently unavailable)
rNeg   + . .     SustAt   .     (shield currently unavailable)
rPois  .         Gourm    .     (helmet currently unavailable)
rElec  .         Spirit   .     (cloak currently unavailable)
rCorr  .         Warding  .     (gloves currently unavailable)
rMut   .         Stasis   .     (boots currently unavailable)
MR     .....                    (no amulet)
Stlth  +++.......               (ring currently unavailable)
                                (ring currently unavailable)

@: bat-form, flying, very quick, not resistant to hostile enchantments, fairly
stealthy
A: (fangs 0), see invisible, (unbreathing)
a: End Transformation


You were on level 2 of the Dungeon.
You were not thirsty.
You were in vampire-bat-form.
You visited 1 branch of the dungeon, and saw 2 of its levels.

You collected 40 gold pieces.

Inventory:

Hand Weapons
 l - a +0 club
 r - a +0 trident (melded)
Missiles
 q - 16 poisoned needles
Armour
 a - a +0 robe
 f - a +0 shield (melded)
 h - a +0 cloak
 p - a +1 ring mail of fire resistance
 t - a +0 plate armour (melded)
Scrolls
 d - a scroll of enchant weapon {unknown}
 e - a scroll of remove curse
 g - 2 scrolls of blinking {unknown}
 i - a scroll of fear {unknown}
 m - a scroll of identify {unknown}
Potions
 c - a potion of blood
 n - 2 potions of curing {unknown}
 o - a potion of haste {unknown}
Books
 b - a book of Necromancy

   Spells                             Type                      Level
   a - Pain                           Necromancy                   1
   b - Animate Skeleton               Necromancy                   1
   c - Vampiric Draining              Necromancy                   3
   d - Regeneration                   Charms/Necromancy            3
   e - Animate Dead                   Necromancy                   4
   f - Control Undead                 Necromancy                   4
Comestibles
 j - a slice of pizza
 k - a meat ration
 s - a royal jelly


   Skills:
 + Level 0.1 Fighting
 + Level 0.1 Maces & Flails
 + Level 2.5 Dodging
 + Level 3.1 Stealth
 + Level 0.2 Unarmed Combat
 + Level 2.2 Spellcasting
 + Level 5.0 Necromancy


You had 5 spell levels left.
You knew the following spells:

 Your Spells              Type           Power        Failure   Level  Hunger
a - Pain                  Necr           ###.         2%          1    #......


Dungeon Overview and Level Annotations

Branches:
Dungeon (2/15)

Altars:

Annotations:
D:2 Terence


Innate Abilities, Weirdness & Mutations

((You have razor-sharp teeth.))
You have supernaturally acute eyesight.
((You can survive without breathing.))


Message History

The bat completely misses you. The bat hits you.
* * * LOW HITPOINT WARNING * * *
The bat misses you. The bat hits you.
* * * LOW HITPOINT WARNING * * *
The bat misses you. The bat completely misses you.
The ball python completely misses you. The ball python grabs you.
* * * LOW HITPOINT WARNING * * *
The ball python constricts you.
You escape the ball python's grasp.
The bat misses you. The rat bites you.
* * * LOW HITPOINT WARNING * * *
The bat misses you.
Really attack barehanded?
You hit the bat.
The bat is moderately wounded.
The bat misses you. The rat closely misses you. The bat completely misses you.
The goblin hits you.
You die...

#### ##..## ##....##
#......# #.# #......#
#.# #......# #.#
#...b..# #.#
#.Sbr..#### #.#
#...g...<.# #.###
##....###%.#####....
####..#####....g@...#
#.........###....##.@
#.........S...#######
#..........#### #.
#.........## #..
#.........# #.#


You could see a goblin, a bat, a ball python and a rat.

Vanquished Creatures
  2 oozes (D:1)
  3 bats (D:1)
  A giant cockroach (D:1)
  3 goblins (D:1)
  5 hobgoblins
  A kobold (D:1)
  2 giant newts
  2 rats (D:1)
19 creatures vanquished.

Notes
Turn   | Place    | Note
--------------------------------------------------------------
     0 | D:1      | penguinsfan71 the Vampire Necromancer began the quest for the Orb.
     0 | D:1      | Reached XP level 1. HP: 13/13 MP: 3/3
   307 | D:1      | Reached XP level 2. HP: 1/19 MP: 0/5
   660 | D:1      | Reached skill level 5 in Necromancy
  1157 | D:2      | Reached XP level 3. HP: 24/24 MP: 6/6
  1198 | D:2      | Noticed Terence
  1298 | D:2      | Slain by a goblin

Action                   || total
-------------------------++-------
Melee: Unarmed           ||     5
       Club              ||    16
       Trident           ||     5
 Cast: Pain              ||    25
 Abil: Bat Form          ||     1
  Use: Scroll            ||     1
  Eat: Corpse            ||     4
